 Dungeon Crawl Stone Soup version 0.20-a0-1122-gb7cbeb9 (webtiles) character file.

5997 Kriby the Fighter (level 10, -20/76 HPs)
             Began as an Octopode Wizard on May 13, 2017.
             Was a Priest of Vehumet.
             Killed from afar by a fire giant (42 damage)
             ... with a bolt of fire
             ... on level 9 of the Dungeon on May 14, 2017.
             The game lasted 00:48:14 (15052 turns).

Kriby the Fighter (Octopode Wizard)                Turns: 15052, Time: 00:48:15

Health: -20/76     AC:  1    Str:  7    XL:     10   Next: 85%
Magic:  14/22      EV: 16    Int: 24    God:    Vehumet [***...]
Gold:   495        SH:  0    Dex: 10    Spells: 11/25 levels left

rFire    . . .     SeeInvis .   i - +3 dagger (distort)
rCold    . . .     Gourm    .   (no shield)
rNeg     . . .     Faith    .   a - +0 hat
rPois    +         Spirit   .   D - amulet of magic regeneration (curse)
rElec    .         Reflect  .   u - ring of poison resistance
rCorr    .         Harm     .   (no ring)
MR       .....                  (no ring)
Stlth    +++.......             (no ring)
Regen    0.3/turn               (no ring)
MPRegen  0.3/turn               (no ring)
                                (no ring)
                                (no ring)

@: no status effects
A: almost no armour, stealthy swim, amphibious, 8 rings, constrict 8, tentacle
spike 1, camouflage 1, screaming 1, gelatinous body 1
a: Renounce Religion


You were on level 9 of the Dungeon.
You worshipped Vehumet.
Vehumet was most pleased with you.
You were not hungry.

You visited 1 branch of the dungeon, and saw 9 of its levels.

You collected 495 gold pieces.

Inventory:

Hand Weapons
 i - a +3 dagger of distortion (weapon)
 n - a +0 blowgun
 C - the cursed +0 spear of Spring {pain, rPois rF+ Int+5}
   (You found it on level 4 of the Dungeon)

   In the hands of one skilled in necromantic magic, it inflicts extra damage on
   living creatures.
   It affects your intelligence (+5).
   It protects you from fire.
   It protects you from poison.
   It has a curse placed upon it.
Missiles
 m - 31 sling bullets
 r - 40 poisoned needles
Armour
 a - a +0 hat (worn)
Magical Staves
 I - an uncursed staff of earth
Jewellery
 u - a ring of poison resistance (left tentacle)
 D - a cursed amulet of magic regeneration (around mantle)
 H - an uncursed ring of resist corrosion {unknown}
 N - a +3 ring of dexterity {unknown}
Wands
 z - a wand of flame (37/48)
Scrolls
 e - 2 scrolls of enchant weapon {unknown}
 f - 9 scrolls of identify
 g - 4 scrolls of magic mapping
 k - 2 scrolls of noise {unknown}
 s - a scroll of teleportation {unknown}
 x - 2 scrolls of random uselessness {unknown}
 y - 3 scrolls of remove curse {unknown}
 E - 2 scrolls of immolation {unknown}
 J - a scroll of enchant armour {unknown}
 K - a scroll of silence {unknown}
 L - a scroll of amnesia {unknown}
Potions
 d - a potion of heal wounds
 h - 2 potions of brilliance {unknown}
 j - 3 potions of might {unknown}
 o - a potion of curing
 p - 2 potions of flight {unknown}
 q - a potion of ambrosia {unknown}
 t - a potion of resistance {unknown}
 w - a potion of berserk rage {unknown}
 A - 2 potions of degeneration {unknown}
 B - a potion of mutation {unknown}
 F - 3 potions of cancellation {unknown}
 O - a potion of invisibility {unknown}
Books
 b - a book of Minor Magic

   Spells                             Type                      Level
   a - Magic Dart                     Conjuration                  1
   b - Blink                          Translocation                2
   c - Call Imp                       Summoning                    2
   d - Slow                           Hexes                        2
   e - Conjure Flame                  Conjuration/Fire             3
   f - Mephitic Cloud                 Conjuration/Poison/Air       3
 M - a book of Clouds

   Spells                             Type                      Level
   a - Poisonous Vapours              Poison/Air                   2
   b - Mephitic Cloud                 Conjuration/Poison/Air       3
   c - Conjure Flame                  Conjuration/Fire             3
   d - Freezing Cloud                 Conjuration/Ice/Air          6
   e - Ring of Flames                 Charms/Fire                  7
Comestibles
 c - 7 bread rations
 l - 2 chunks of flesh
 v - 3 meat rations
 G - 4 royal jellies


   Skills:
 * Level 10.2 Fighting
 + Level 7.2 Dodging
 - Level 2.6 Stealth
 - Level 8.4 Spellcasting
 - Level 3.6 Conjurations
 - Level 1.0 Summonings
 - Level 1.0 Translocations
 - Level 1.5 Air Magic
 - Level 4.2 Poison Magic


You had 11 spell levels left.
You knew the following spells:

 Your Spells              Type           Power        Failure   Level  Hunger
a - Magic Dart            Conj           ####         1%          1    None
b - Stone Arrow           Conj/Erth      ###...       2%          3    None
f - Conjure Flame         Conj/Fire      ###.....     2%          3    None
g - Mephitic Cloud        Conj/Pois/Air  ####....     1%          3    None
v - Call Imp              Summ           ##......     6%          2    None
T - Blink                 Tloc           N/A          6%          2    None


Dungeon Overview and Level Annotations

Branches:
Dungeon (9/15)             Temple (0/1) D:5            Lair (0/6) D:9
    Orc: D:9-12

Altars:
Elyvilon
Fedhas
Hepliaklqana
Kikubaaqudgha
Makhleb
Nemelex Xobeh
Vehumet
Xom


Innate Abilities, Weirdness & Mutations

You cannot wear most types of armour.
You are very stealthy in the water. (Stealth+)
You are amphibious.
You can wear up to eight rings at the same time.
You can use your tentacles to constrict eight enemies at once.
Your skin changes colour to match your surroundings (Stealth+).
Your rubbery body absorbs attacks. (AC +1, EV +1)
One of your tentacles bears a spike.
You occasionally shout uncontrollably at your foes.


Message History

The basilisk is engulfed in blazing flames.
The basilisk barely misses you.
The basilisk is engulfed in blazing flames.
You kill the basilisk!
Vehumet accepts your kill.
You feel your power returning.
You turn to flesh and can move again.
You start resting.
A fire giant comes into view.
It is wielding a great sword of flaming.
The fire giant gestures at you while chanting.
The fireball explodes!
The fireball engulfs you!
Ouch! That really hurt!
* * * LOW HITPOINT WARNING * * *
The fireball engulfs your crimson imp.
Your crimson imp completely resists.
Okay, then.
The fire giant points at you and mumbles some strange words.
The bolt of fire hits you!
Ouch! That really hurt!
You die...

#.########
#....†....
#[.)....o.
#.##############
#.'.C..........#
#.#.[..........#
#.#.5.[..).....#
#.#..........###
#.#.[....@<..#
#.#..........#
#.#..........#
#.#..........#
#.#######....#
#o. #....# #§.
#....# ...
###### ....


You could see a fire giant and a friendly crimson imp.

Vanquished Creatures
  Pikel (D:8)
  2 hippogriffs (D:8)
  A basilisk (D:9)
  5 yaks (D:9)
  A hog (D:8)
  A sky beast (D:5)
  4 orc warriors
  An ice beast (D:9)
  A slave (D:8)
  6 ogres
  3 phantoms
  2 big kobolds (D:7)
  2 bullfrogs
  A water moccasin zombie (D:7)
  A scorpion (D:5)
  A killer bee (D:9)
  2 wights (D:7)
  2 howler monkeys
  2 vampire bats (D:7)
  2 crimson imps (D:5)
  A quasit (D:9)
  3 jellies
  4 hounds
  11 orc wizards
  A bullfrog skeleton (D:9)
  5 orc priests
  3 iguanas
  6 worker ants
  A killer bee zombie (D:9)
  A hound zombie (D:5)
  A hound skeleton (D:4)
  3 worker ant zombies
  4 gnolls (D:5)
  A howler monkey skeleton (D:8)
  16 adders
  A shadow imp (D:8)
  10 oozes
  3 worms
  4 dart slugs
  3 leopard geckos
  35 orcs
  6 bat skeletons (D:7)
  A bat zombie (D:7)
  4 giant cockroaches
  8 goblins
  7 hobgoblins
  2 jackals (D:5)
  2 quokkas
  A ball python (D:1)
  7 bats
  3 frilled lizards
  28 kobolds
  7 rats
234 creatures vanquished.

Vanquished Creatures (collateral kills)
  The ghost of Engwar the Poker, a novice OpFi of Gozag (D:7)
  Sigmund (D:5)
  3 hogs (D:8)
  A human (D:8)
  2 orc warriors
  An ogre (D:4)
  A wight (D:7)
  2 crimson imps (D:6)
  A hound (D:6)
  A centaur zombie (D:5)
  4 orc wizards
  A shadow imp (D:5)
  3 orcs
  A quokka (D:5)
  A leopard gecko skeleton (D:6)
24 creatures vanquished.

Vanquished Creatures (others)
  An ice beast (D:8)
  A wyvern skeleton (D:8)
  A scorpion (D:8)
  An orc priest (D:8)
  A hound zombie (D:8)
  2 orcs (D:8)
  2 fungi (D:4)
  12 toadstools
21 creatures vanquished.

Grand Total: 279 creatures vanquished

Notes
Turn   | Place    | Note
-------+----------+-------------------------------------------
     0 | D:1      | Kriby the Octopode Wizard began the quest for the Orb.
     0 | D:1      | Reached XP level 1. HP: 11/11 MP: 4/4
   409 | D:1      | Reached XP level 2. HP: 17/17 MP: 1/6
   976 | D:1      | Reached XP level 3. HP: 21/21 MP: 3/7
  1301 | D:2      | Found a faded altar of an unknown god.
  1506 | D:2      | Found a white marble altar of Elyvilon.
  1520 | D:2      | Learned a level 3 spell: Mephitic Cloud
  1523 | D:2      | Learned a level 2 spell: Blink
  1526 | D:2      | Learned a level 2 spell: Call Imp
  1777 | D:2      | Reached XP level 4. HP: 27/27 MP: 6/8
  2861 | D:3      | Reached XP level 5. HP: 29/31 MP: 5/10
  3770 | D:3      | Found a sparkling altar of Nemelex Xobeh.
  4240 | D:3      | Reached skill level 1 in Air Magic
  4240 | D:3      | Reached XP level 6. HP: 36/36 MP: 1/11
  4385 | D:3      | Found a blossoming altar of Fedhas.
  5358 | D:4      | Noticed a phantom
  5367 | D:4      | Learned a level 3 spell: Conjure Flame
  5393 | D:4      | Reached XP level 7. HP: 18/41 MP: 1/14
  5591 | D:4      | Found a shimmering altar of Xom.
  5595 | D:4      | Reached skill level 5 in Spellcasting
  5979 | D:4      | Got an ancient spear
  5980 | D:4      | Identified the cursed +0 spear of Spring {pain, rPois rF+ Int+5} (You found it on level 4 of the Dungeon)
  6487 | D:5      | Entered Level 5 of the Dungeon
  6757 | D:5      | HP: 1/41 [acid (7)]
  7262 | D:5      | Reached XP level 8. HP: 46/46 MP: 14/18
  7384 | D:5      | Noticed Sigmund
  7842 | D:5      | Found a radiant altar of Vehumet.
  7857 | D:5      | Became a worshipper of Vehumet
  8152 | D:5      | Found a staircase to the Ecumenical Temple.
  9062 | D:5      | Gained mutation: One of your tentacles bears a spike. [mutagenic meat]
  9063 | D:5      | Gained mutation: You occasionally shout uncontrollably at your foes. [mutagenic meat]
  9423 | D:5      | Reached skill level 1 in Fighting
  9529 | D:5      | Killed Sigmund
  9529 | D:5      | Reached skill level 2 in Fighting
  9779 | D:5      | Reached * piety under Vehumet
  9779 | D:5      | Offered knowledge of Flame Tongue by Vehumet.
  9889 | D:6      | Reached skill level 3 in Fighting
 10036 | D:6      | Reached XP level 9. HP: 36/57 MP: 9/21
 10280 | D:6      | Reached skill level 4 in Fighting
 11155 | D:7      | Reached skill level 5 in Fighting
 11402 | D:7      | Offered knowledge of Shock by Vehumet.
 11489 | D:7      | Reached ** piety under Vehumet
 11748 | D:7      | Noticed Engwar's ghost (novice OpFi)
 11869 | D:7      | Reached skill level 6 in Fighting
 11957 | D:7      | Killed Engwar's ghost
 11957 | D:7      | Reached skill level 5 in Dodging
 12041 | D:7      | Found a burning altar of Makhleb.
 12268 | D:7      | Found a hazy altar of Hepliaklqana.
 12471 | D:7      | Reached skill level 7 in Fighting
 12553 | D:7      | Found an ancient bone altar of Kikubaaqudgha.
 12717 | D:8      | Noticed Pikel
 12737 | D:8      | Killed Pikel
 12737 | D:8      | Reached XP level 10. HP: 65/72 MP: 4/22
 13028 | D:8      | Reached skill level 8 in Fighting
 13516 | D:8      | Offered knowledge of Stone Arrow by Vehumet.
 13521 | D:8      | Learned a level 3 spell: Stone Arrow
 14065 | D:9      | Found a staircase to the Lair.
 14126 | D:9      | Reached skill level 9 in Fighting
 14187 | D:9      | Noticed a two-headed ogre
 14346 | D:9      | Reached *** piety under Vehumet
 14923 | D:9      | Reached skill level 10 in Fighting
 15049 | D:9      | Noticed a fire giant
 15052 | D:9      | Killed from afar by a fire giant

Vault maps used:
D:1:      ldierk_water_garden, minmay_misc_feat_tiny, serial_bayou_lagoon_a
D:2:      lemuel_doored_altar, chequers_ecumenical_altar_simple
D:3:      fedhas_altar_4, first_bread, nemelex_diamond_rough_becter
D:4:      cheibrodos_fertilizer, xom_teletrap_fun
D:5:      vehumet_altar_wand_db, minmay_temple_entry_hall, uniq_sigmund
D:6:      kennysheep_potato
D:7:      kennysheep_vampire_church, kennysheep_little_box,
          kennysheep_mini_moat, small_statue_intersection,
          eino_small_chamber_without_monster
D:8:      grunt_livestock, uniq_pikel
D:9:      grunt_temple_overflow_gold_and_silver,
          chequers_temple_overflow_minitemple, lair_entry_dummy, serial_shops,
          shop, minmay_the_grid_triangle_9x9_rhombus_thin

Skill      XL: |  1  2  3  4  5  6  7  8  9 10 |
---------------+-------------------------------+-----
Conjurations   | 2 3 |  3.6
Poison Magic   | 2 4 |  4.2
Air Magic      | 1 |  1.5
Spellcasting   | 4 6 8 |  8.4
Fighting       | 3 7 10 | 10.2
Dodging        | 3 5 7 |  7.2
Stealth        | |  2.6
Summonings     | |  1.0
Translocations | |  1.0

Action                   |  1- 3 |  4- 6 |  7- 9 | 10-12 || total
-------------------------+-------+-------+-------+-------++-------
Melee: Unarmed           |     3 |       |       |       ||     3
       Constrict         |     1 |     2 |    11 |     1 ||    15
       Dagger            |     3 |    26 |    47 |     9 ||    85
       Tentacles         |       |     3 |     6 |     1 ||    10
       Kick              |       |       |     4 |     1 ||     5
 Cast: Magic Dart        |    62 |   166 |   415 |   115 ||   758
       Mephitic Cloud    |       |    14 |    52 |    28 ||    94
       Call Imp          |       |     3 |    71 |    24 ||    98
       Conjure Flame     |       |       |    14 |     5 ||    19
       Blink             |       |       |     3 |     1 ||     4
       Stone Arrow       |       |       |       |    41 ||    41
  Use: Potion            |       |     1 |     2 |       ||     3
       Scroll            |       |       |     3 |     1 ||     4
 Stab: Confused          |       |     1 |       |       ||     1
       Distracted        |       |       |     1 |       ||     1
  Eat: Chunk             |     2 |     2 |    18 |     7 ||    29
       Meat ration       |       |     1 |       |       ||     1
       Bread ration      |       |     1 |       |       ||     1
       Royal jelly       |       |       |     3 |     1 ||     4
       Fruit             |       |       |     1 |       ||     1
Armor: Skin              |     2 |     2 |     5 |       ||     9
Dodge: Dodged            |     7 |    42 |    95 |    16 ||   160
